 Dungeon Crawl Stone Soup version 0.31-a0-656-gb4d89c20fa (webtiles) character file.

Game seed: 10256436588315049908

43 cforsyth the Charlatan (level 3, -4/28 HPs)
             Began as a Gnoll Artificer on Aug 31, 2023.
             Slain by a gnoll
             ... wielding a +1 heavy flail
              (14 damage)
             ... on level 1 of the Dungeon.
             The game lasted 00:02:01 (1350 turns).

cforsyth the Charlatan (Gnoll Artificer)            Turns: 1350, Time: 00:02:01

Health: -4/28      AC: 13    Str: 11    XL:     3   Next: 58%
Magic:  4/4        EV:  3    Int: 12    God:
Gold:   26         SH:  0    Dex: 12    Spells: 3/3 levels left

rFire   . . .        k - +2 short sword (drain)
rCold   . . .        (no shield)
rNeg    . . .        i - +0 plate armour
rPois   .            (no helmet)
rElec   .            (no cloak)
rCorr   .            (no gloves)
SInv    .            q - +0 pair of boots
Will    .....        (no amulet) Stlth
                     (no ring)
HPRegen 0.24/turn    (no ring)
MPRegen 0.09/turn

%: no passive effects
@: no status effects
A: fangs 1, strong nose, distributed training
a: no special abilities


You were on level 1 of the Dungeon.
You visited 1 branch of the dungeon, and saw 2 of its levels.

You collected 26 gold pieces.

Inventory:

Hand Weapons
 a - a +0 club
 k - a +2 short sword of draining (weapon)
 m - a +3 short sword
Armour
 b - a +0 leather armour
 i - a +0 plate armour (worn)
 q - a +0 pair of boots (worn)
Jewellery
 g - a ring of poison resistance
Wands
 c - a wand of flame (12) (quivered)
 d - a wand of charming (13)
 e - a wand of iceblast (5)
Scrolls
 f - 2 scrolls of teleportation {unknown}
 h - a scroll of enchant armour {unknown}
 l - 3 scrolls of identify {unknown}
Potions
 j - 2 potions of mutation {unknown}
 n - a potion of curing {unknown}
 o - a potion of enlightenment {unknown}
 p - a potion of brilliance {unknown}


   Skills:
 + Level 2.6 Fighting
 + Level 0.9 Short Blades
 + Level 0.9 Long Blades
 + Level 0.9 Axes
 + Level 0.9 Maces & Flails
 + Level 0.9 Polearms
 + Level 0.9 Staves
 + Level 0.9 Ranged Weapons
 + Level 0.9 Throwing
 + Level 4.5 Armour
 + Level 2.6 Dodging
 + Level 2.4 Stealth
 + Level 0.9 Shields
 + Level 0.9 Unarmed Combat
 + Level 0.9 Spellcasting
 + Level 0.6 Conjurations
 + Level 0.6 Hexes
 + Level 0.6 Summonings
 + Level 0.6 Necromancy
 + Level 0.6 Translocations
 + Level 0.6 Transmutations
 + Level 0.6 Fire Magic
 + Level 0.6 Ice Magic
 + Level 0.6 Air Magic
 + Level 0.6 Earth Magic
 + Level 0.6 Poison Magic
 + Level 1.0 Invocations
 + Level 6.5 Evocations
 + Level 0.7 Shapeshifting


You had 3 spell levels left.
You didn't know any spells.
Your spell library contained the following spells:

 Spells                   Type           Power      Damage    Failure   Level
 Ignite Poison            Fire/Tmut/Pois 2%         N/A       100%        3
 Stone Arrow              Conj/Erth      4%         3d7       100%        3
 Animate Armour           Summ/Erth      4%         N/A       100%        4
 Sticky Flame             Conj/Fire      2%         2d3       100%        4
 Ignition                 Fire           1%         3d3       100%        8
 Lehudib's Crystal Spear  Conj/Erth      1%         10d2      100%        8


Dungeon Overview and Level Annotations

Branches:
Dungeon (2/15)

Altars:


Innate Abilities, Weirdness & Mutations

You have very sharp teeth.
Your uncanny sense of smell can sniff out nearby items.
Your experience applies equally to all skills.


Message History

t - Bark!
Orders for allies: a - Attack new target. p - Attack previous target. r - Retreat! s - Stop attacking. g - Guard the area. f - Follow me.
Anything else - Cancel.
Gang up on whom?
Press: ? - help, Dir - move target, f - hobgoblin, p - gnoll
Aim: a hobgoblin, wearing a +0 leather armour Attack!
The hobgoblin hits your gnoll.
Your gnoll hits the hobgoblin with a +1 heavy flail!
The hobgoblin dies!
You swap places.
There is a stone staircase leading down, spattered with blood here.
What are your orders? t - Bark!
Orders for allies: a - Attack new target. r - Retreat! s - Stop attacking. g - Guard the area. f - Follow me.
Anything else - Cancel.
Retreat in which direction?
Press: ? - help, Dir - move target Fall back!
You start resting.
The gnoll is no longer charmed.
The gnoll hits you with a +1 heavy flail!
Aiming: Throw Flame
Press: ? - help, Shift-Dir - straight line The puff of flame hits the gnoll.
The gnoll is lightly wounded.
The gnoll barely misses you.
Aiming: Throw Flame
Press: ? - help, Shift-Dir - straight line The puff of flame misses the gnoll.
Aiming: Throw Flame
Press: ? - help, Shift-Dir - straight line The puff of flame hits the gnoll.
The gnoll is heavily wounded.
The gnoll hits you with a +1 heavy flail!
Ouch! That really hurt!
You die...

........##..#.##...#######
.........................#
..............#....#######
###.#...##..#.#....#####
.......(............)..#
...................###.#
............###....# #.#
#..##...........g..# #.#
...#........#...@[.# #.#
...#...###..###....###.#
.....................#.#
.......###..####...###.##
#..#...#.#..####........######
.............................#
............####...###.#######
#..#...#.#..###............#
.......................#####


You could see a gnoll.

Vanquished Creatures
  A gnoll (D:2)
  A dart slug (D:1)
  A ball python (D:1)
  4 endoplasms (D:1)
  2 hobgoblins (D:1)
  3 jackals (D:2)
  5 kobolds
  2 quokkas (D:1)
  4 bats (D:1)
  2 frilled lizards (D:1)
  2 rats (D:1)
27 creatures vanquished.

Vanquished Creatures (collateral kills)
  An endoplasm (D:2)
  A hobgoblin (D:1)
2 creatures vanquished.

Vanquished Creatures (others)
  A quokka (D:2)
1 creature vanquished.

Grand Total: 30 creatures vanquished

Notes
Turn   | Place    | Note
-------+----------+-------------------------------------------
     0 | D:1      | cforsyth the Gnoll Artificer began the quest for the Orb.
     0 | D:1      | Reached XP level 1. HP: 17/17 MP: 1/1
   289 | D:1      | Found a faded altar of an unknown god.
   289 | D:1      | Noticed a great orb of eyes
   300 | D:1      | Reached XP level 2. HP: 15/21 MP: 2/2
   324 | D:1      | Noticed a golden eye
   324 | D:1      | Noticed a shining eye
   324 | D:1      | Noticed a shining eye
   707 | D:1      | Reached XP level 3. HP: 28/28 MP: 3/3
  1118 | D:2      | Reached skill level 1 in Invocations
  1350 | D:1      | Slain by a gnoll

Illustrated notes

Levels and vault maps discovered:
D:1:      saegor_arrival_simple_c, layout_basic,
          hellmonk_ecumenical_altar_watching_god, st_stairs_2
D:2:      layout_basic, serial_curves, eino_curves_01, eino_curves_01,
          minmay_door_square, kennysheep_nub

Skill      XL: |  1  2  3 |
---------------+----------+-----
Invocations    | 1 |  1.0
Fighting       | |  2.6
Short Blades   | |  0.9
Long Blades    | |  0.9
Axes           | |  0.9
Maces & Flails | |  0.9
Polearms       | |  0.9
Staves         | |  0.9
Ranged Weapons | |  0.9
Throwing       | |  0.9
Armour         | |  4.5
Dodging        | |  2.6
Stealth        | |  2.4
Shields        | |  0.9
Unarmed Combat | |  0.9
Spellcasting   | |  0.9
Conjurations   | |  0.6
Hexes          | |  0.6
Summonings     | |  0.6
Necromancy     | |  0.6
Translocations | |  0.6
Transmutations | |  0.6
Fire Magic     | |  0.6
Ice Magic      | |  0.6
Air Magic      | |  0.6
Earth Magic    | |  0.6
Poison Magic   | |  0.6
Evocations     | |  6.5
Shapeshifting  | |  0.7

Action                     || total
---------------------------++-------
  Melee: Club              ||    36
         Bite              ||     6
         Short sword       ||    44
         Punch             ||     1
  Evoke: Wand              ||     5
 Armour: Plate armour      ||    70
         Leather armour    ||     5
  Dodge: Dodged            ||    30

Table legend: (Time is in decaauts)
 A = Elapsed time spent in this place.
 B = Non-inter-level travel time spent in this place.
 C = Inter-level travel time spent in this place.
 D = Time resting spent in this place.
 E = Time spent auto-exploring this place.
 F = Levels seen in this place.
 G = Mean time per level.
                   A        B        C        D        E       F      G
               +--------+--------+--------+--------+--------+-----+--------+
         Total |   1359 |   1319 |     40 |    191 |    844 |   2 |  679.5 |
       Dungeon |   1359 |   1319 |     40 |    191 |    844 |   2 |  679.5 |
               +--------+--------+--------+--------+--------+-----+--------+

Top non-repeatable levels by time:
     D:1: 1114 daAuts
     D:2: 244 daAuts
